[Event "21è Open International d'Echecs de Menton"]
[Site "Menton, France"]
[Date "2024.10.27"]
[Round "1.1"]
[White "Jean-Marc, DEGRAEVE 2479"]
[Black "Micael, FAELLMAN 1994"]
[Result "1-0"]
[TimeControl "90'+30''/40m + 30'+30''"]
[WhiteTitle "GM"]
[WhiteFideId "600270"]
[BlackFideId "1710826"]
[WhiteElo "2479"]
[BlackElo "1994"]

1. e4 e5 2. Bc4 Nf6 3. d3 c6 4. Nf3 d5 5. Bb3 Bd6 6. Nc3 Be6 7. Bg5 d4 8. Ne2 Nbd7 9. Bxe6 fxe6 10.
c3 dxc3 11. bxc3 O-O 12. Ng3 Qe8 13. O-O Rd8 14. h3 Bc7 15. Qb1 Rb8 16. Be3 b6 17. Qb3 Qe7 18. Ng5 Rbe8 19. Nf5 1-0

[Event "21è Open International d'Echecs de Menton"]
[Site "Menton, France"]
[Date "2024.10.27"]
[Round "1.2"]
[White "Robert, KRASIEWICZ 1992"]
[Black "Paolo, FORMENTO 2346"]
[Result "0-1"]
[TimeControl "90'+30''/40m + 30'+30''"]
[BlackTitle "FM"]
[WhiteFideId "1128612"]
[BlackFideId "861162"]
[WhiteElo "1992"]
[BlackElo "2346"]

1. c4 e5 2. g3 Nf6 3. Bg2 d5 4. cxd5 Nxd5 5. Nc3 Nb6 6. d3 Be7 7. Be3 O-O 8. Qd2 Nc6 9. Bxc6 bxc6 10.
Nf3 f6 11. O-O Be6 12. Ne4 Bd5 13. Rfc1 a5 14. Bc5 f5 15. Bxe7 Qxe7 16. Nc5 e4 17. Qe3 Rae8 18. dxe4 Nc4 19.
Qd4 fxe4 20. Ne1 Nd6 21. Ng2 Nb5 22. Qd2 Qf7 23. Rf1 Qe7 24. Rac1 Ra8 25. Ne3 Be6 26. Nxe6 Qxe6 27. Nc4 c5 28.
e3 Rfd8 29. Qc2 Rd3 30. Rfd1 Qd5 31. b3 Rd8 32. Nb2 Na3 33. Qe2 Rd2 34. Rxd2 Qxd2 35. Qxd2 Rxd2 36. Na4 c4 37. bxc4 Rxa2 38.
Nc3 Rc2 39. Rxc2 Nxc2 40. Kf1 Kf7 41.
Ke2 Na3 42. c5 Ke6 43. Kd2 Ke5 44. Kc1 c6 45. g4 Nb5 46. Ne2 Nc7 47. Nd4 Kd5 48. Nf5 g6 49. Nd6 Ne6 50. Ne8 Ke5 51.
Kc2 Nxc5 52. Kc3 Nd3 53. g5 Nxf2 54. Nf6 h5 55. h4 Ng4 56. Nd7+ Ke6 57. Nc5+ Kd5 58. Nd7 Kd6 59. Nb6 Nxe3 60.
Kd4 Nf5+ 61. Kxe4 Kc5 62. Nd7+ Kb4 63. Ne5 a4 64. Nxc6+ Kc3 0-1

[Event "21è Open International d'Echecs de Menton"]
[Site "Menton, France"]
[Date "2024.10.27"]
[Round "1.3"]
[White "Jan, JOHANSSON 2284"]
[Black "Clement, BERGASSE 1872"]
[Result "1-0"]
[TimeControl "90'+30''/40m + 30'+30''"]
[WhiteTitle "IM"]
[WhiteFideId "1700103"]
[BlackFideId "45196648"]
[WhiteElo "2284"]
[BlackElo "1872"]

1. d4 Nf6 2. c4 g6 3. Nc3 Bg7 4. Nf3 O-O 5. Bg5 h6 6. Bh4 d6 7. e3 c5 8. d5 Qa5 9. Nd2 e6 10.
Bg3 e5 11. Be2 a6 12. O-O Re8 13. a3 Nbd7 14. Qc2 Nf8 15. Rfb1 Qc7 16. b4 b6 17. Rb2 Bf5 18. e4 Bd7 19. Rab1 Rab8 20. Qb3 N6h7 21. bxc5 dxc5 22.
Qc2 f5 23. f3 f4 24. Bf2 g5 25. Na4 Bxa4 26. Qxa4 Nd7 27. Qxa6 Ra8 28. Qb5 Rxa3 29. Qc6 Rc8 30. Qxc7 Rxc7 31.
Rd1 Nhf6 32. Nb1 Ra1 33. Nc3 Rca7 34. Rbb1 Rxb1 35. Rxb1 Bf8 36. Bd1 Kf7 37. Ba4 Ke7 38. Bc6 Kf7 39.
Nb5 Ra2 40. Be1 Be7 41. Kf1 Bd8 42. Nc3 Ra7 43. Ke2 Ke7 44. Kd3 Ne8 45. Kc2 Nb8 46. Kb3 Nd6 47. Bb5 Ra8 48. Bd2 Ra7 49.
h4 gxh4 50. Rh1 Kf7 51. Be1 Kg6 52. Bxh4 Bg5 53. Bf2 Kf6 54. Bc6 Ra5 55. Rc1 Ra7 56. Na4 Ra6 57. Be1 Ke7 58. Bb5 Ra7 59.
Nxb6 Kd8 60. Bf2 Rc7 61. Na4 Nb7 62. Ra1 Ke7 63. Nb2 Nd6 64. Ra8 Nd7 65. Bxd7 Kxd7 66. Nd3 Rb7+ 67. Kc2 Nxc4 68.
Nxc5+ Kc7 69. Nxb7 Kxb7 70. Re8 Ne3+ 71. Bxe3 fxe3 72. Kd3 Bf4 73. Rg8 Kc7 74. g3 Bg5 75. Rxg5 e2 1-0

[Event "21è Open International d'Echecs de Menton"]
[Site "Menton, France"]
[Date "2024.10.28"]
[Round "2.1"]
[White "Alexis, MUNIER 2099"]
[Black "Jean-Marc, DEGRAEVE 2479"]
[Result "0-1"]
[TimeControl "90'+30''/40m + 30'+30''"]
[BlackTitle "GM"]
[WhiteFideId "45162450"]
[BlackFideId "600270"]
[WhiteElo "2099"]
[BlackElo "2479"]

1. e4 e5 2. Nf3 Nc6 3. Bc4 Nf6 4. d3 Bc5 5. c3 d6 6. a4 a5 7. O-O O-O 8. Nbd2 Ba7 9. Re1 Ng4 10.
Re2 Kh8 11. h3 f5 12. d4 Nf6 13. dxe5 Nxe5 14. Nxe5 dxe5 15. Qe1 f4 16. Nf3 Qe8 17. b3 Qh5 18. Kh2 Bxh3 19. gxh3 Qxf3 20.
Qf1 Ng4+ 21. hxg4 Rf6 22. Qg2 Qxg2+ 0-1

[Event "21è Open International d'Echecs de Menton"]
[Site "Menton, France"]
[Date "2024.10.28"]
[Round "2.2"]
[White "Paolo, FORMENTO 2346"]
[Black "Oliver A, JACKSON 2039"]
[Result "1-0"]
[TimeControl "90'+30''/40m + 30'+30''"]
[WhiteTitle "FM"]
[BlackTitle "FM"]
[WhiteFideId "861162"]
[BlackFideId "403156"]
[WhiteElo "2346"]
[BlackElo "2039"]

1. e4 c5 2. Nf3 e6 3. c3 Nf6 4. Bd3 Nc6 5. Bc2 d6 6. O-O Be7 7. Re1 O-O 8. d4 cxd4 9. cxd4 e5 10.
h3 Qb6 11. d5 Nb4 12. Bb3 Bd7 13. Nc3 Rfc8 14. Re2 a5 15. Ne1 Na6 16. Nd3 Qc7 17. a4 Nc5 18. Nxc5 Qxc5 19. Be3 Qc7 20.
Rc1 Qd8 21. Rec2 Ne8 22. Kh2 Bg5 23. Qd2 Bxe3 24. Qxe3 Rc5 25. Nb5 b6 26. Rxc5 bxc5 27. Bc4 h6 28. Nc3 Nc7 29. Rf1 Qg5 30. Qe2 f5 31. f4 exf4 32.
e5 Qg3+ 33. Kh1 Qe3 34. Qxe3 fxe3 35. e6 Be8 36. Rxf5 Rb8 37.
b3 Bg6 38. Rf3 Bc2 39. Nb5 e2 40. Re3 Nxb5 41. axb5 Bd1 42. e7 Kf7 43. b6 a4 44. b7 Re8 45. Bb5 Rxe7 46. Rxe7+ Kxe7 47.
Bxe2 1-0

[Event "21è Open International d'Echecs de Menton"]
[Site "Menton, France"]
[Date "2024.10.28"]
[Round "2.3"]
[White "Paul, RABETTE 2043"]
[Black "Jan, JOHANSSON 2284"]
[Result "1-0"]
[TimeControl "90'+30''/40m + 30'+30''"]
[BlackTitle "IM"]
[WhiteFideId "45162638"]
[BlackFideId "1700103"]
[WhiteElo "2043"]
[BlackElo "2284"]

1. d4 Nf6 2. c4 e6 3. Nc3 Bb4 4. Nf3 c5 5. e3 d6 6. Bd2 O-O 7. a3 Bxc3 8. Bxc3 Ne4 9. Qc2 Nxc3 10.
Qxc3 Nc6 11. Be2 Qe7 12. O-O e5 13. dxe5 dxe5 14. Rfd1 f5 15. Ne1 f4 16. exf4 Rxf4 17. Nc2 Nd4 18.
Nxd4 exd4 19. Qg3 Qf6 20. Bf3 Kh8 21. Re1 Bd7 22. Bxb7 Rf8 23. f3 d3 24. Rad1 Qd4+ 25. Kh1 Ba4 26.
Rd2 Qxc4 27. Be4 Bc2 28. Bxd3 Bxd3 29. Rxd3 R4f7 30. Rc3 Qd4 31. Qe5 Qd2 32. Qe2 Qd5 33. Rec1 Rc7 34. b4 Qg5 35.
bxc5 h6 36. Qe3 Qh5 37. c6 Re8 38. Qf4 Qa5 39. h3 Rec8 40. Qe4 Qb6 41. Rc5 Qb2 42. a4 Qd2 43. Qe5 Qd3 44. R5c4 Qd2 45.
f4 1-0

[Event "21è Open International d'Echecs de Menton"]
[Site "Menton, France"]
[Date "2024.10.29"]
[Round "3.1"]
[White "Jean-Marc, DEGRAEVE 2479"]
[Black "Etienne, CHAUMET 2104"]
[Result "1-0"]
[TimeControl "90'+30''/40m + 30'+30''"]
[WhiteTitle "GM"]
[WhiteFideId "600270"]
[BlackFideId "45180288"]
[WhiteElo "2479"]
[BlackElo "2104"]

1. e4 c5 2. Nf3 d6 3. c3 Nf6 4. Be2 Nc6 5. d4 cxd4 6. cxd4 Nxe4 7. d5 Qa5+ 8. Nc3 Nxc3 9. bxc3 Ne5 10.
Nxe5 Qxc3+ 11. Bd2 Qxe5 12. O-O Bd7 13. Rb1 b6 14. Re1 Rc8 15. Ba6 Qxd5 16. Bxc8 Bxc8 17. Qa4+ Kd8 18. Qxa7 Qxd2 19.
Qxb6+ Kd7 20. Qa7+ Kd8 21. Qb6+ Kd7 22. Rbc1 e5 23. Qc7+ Ke6 24. Qxc8+ Kf6 25. a4 g6 26. Qd8+ Kg7 27.
a5 d5 28. Rcd1 Qxf2+ 29. Kxf2 Bc5+ 30. Kf1 Rxd8 31. Rxe5 Ra8 32. Rdxd5 Bb4 33. Rb5 Bd6 34. Re3 Bc7 35. Ra3 Bd6 36.
Rf3 Bc7 37. Rb7 Bxa5 38. Rfxf7+ Kh6 39. Rxh7+ Kg5 40. Ra7 Rf8+ 41. Rhf7 Rxf7+ 42. Rxf7 Bb4 43. Kf2 Bd6 44. h3 Bb4 45.
Kf3 Bc3 46. g3 Kh6 47. h4 Be1 48. Ra7 g5 49. Ra6+ Kh5 50. g4+ Kxh4 51. Rh6+ 1-0

[Event "21è Open International d'Echecs de Menton"]
[Site "Menton, France"]
[Date "2024.10.29"]
[Round "3.2"]
[White "Sylvain, CARRE 2104"]
[Black "Paolo, FORMENTO 2346"]
[Result "0-1"]
[TimeControl "90'+30''/40m + 30'+30''"]
[BlackTitle "FM"]
[WhiteFideId "642118"]
[BlackFideId "861162"]
[WhiteElo "2104"]
[BlackElo "2346"]

1. d4 d5 2. Bf4 c5 3. e3 cxd4 4. exd4 Nc6 5. c3 Bf5 6. Nf3 e6 7. Qb3 Qd7 8. Bb5 f6 9. O-O g5 10.
Bg3 h5 11. h4 g4 12. Ne1 a6 13. Bd3 Nge7 14. Nd2 Kf7 15. Qd1 Ng6 16. Nb3 b6 17. Rc1 Bh6 18. Rc2 Nf4 19. Bxf5 exf5 20.
Bxf4 Bxf4 21. Nd3 Bd6 22. f4 Rhe8 23. Re1 Re4 24. Rce2 Ne7 25. g3 Qb5 26. Nf2 Rxe2 27. Rxe2 Re8 28.
Qc2 a5 29. Nc1 a4 30. a3 Qc6 31. Nd1 b5 32. Ne3 Qd7 33. Kf2 Kg6 34. Nd3 Rc8 35. Qb1 Rc6 36. Qa2 Rc4 37. Nxc4 dxc4 38. Ne1 Qc6 39. Qb1 Qh1 40. Re6 Nc8 41. Qc1 Be7 42.
Re2 Qd5 43. Qe3 Kf7 44. Nc2 Qd7 45. d5 Qxd5 46. Nd4 Qd7 47. Qe6+ Qxe6 48. Nxe6 Nd6 49. Nd4 Ke8 50. Nc6 Ne4+ 51.
Kg2 Bc5 52. Nb4 Bxb4 53. axb4 Kd7 54. Re1 a3 55. bxa3 Nxc3 56. Kf2 Ne4+ 57. Ke3 Nxg3 58. a4 bxa4 59. Ra1 Kc6 60. Rxa4 Kb5 61. Ra8 Kxb4 62. Rb8+ Kc3 63.
Rb6 Ne4 64. Rb5 g3 65. Kf3 Kd4 66. Rxf5 c3 67. Ra5 c2 68. Ra1 Nd2+ 69. Kxg3 Nb1 70. Ra4+ Kd3 0-1

[Event "21è Open International d'Echecs de Menton"]
[Site "Menton, France"]
[Date "2024.10.29"]
[Round "3.3"]
[White "Paul, RABETTE 2043"]
[Black "David, LACAN-RUS 2257"]
[Result "1/2-1/2"]
[TimeControl "90'+30''/40m + 30'+30''"]
[BlackTitle "FM"]
[WhiteFideId "45162638"]
[BlackFideId "651023075"]
[WhiteElo "2043"]
[BlackElo "2257"]

1. d4 d5 2. c4 e6 3. Nc3 Nf6 4. Bg5 Bb4 5. Nf3 Nbd7 6. cxd5 exd5 7. e3 c5 8. Be2 Qa5 9. Bxf6 Nxf6 10.
O-O c4 11. Qc2 O-O 12. Nd2 Re8 13. Bf3 Bd7 14. Rfe1 Bc6 15. Rac1 Rad8 16. e4 b5 17. exd5 Bxc3 18. bxc3 Bxd5 19.
Re5 Bxf3 20. Nxf3 Nd5 21. Qe4 Rxe5 22. Nxe5 Qxa2 23. Qf5 Nf6 24. Nc6 Re8 25. Qxb5 Qd2 26. Rf1 Qxc3 27. Qc5 Ne4 28.
Ne7+ Kf8 29. Ng6+ Kg8 30. Ne7+ Kh8 31. Qc6 Nf6 32. Nd5 Qe1 33. Nxf6 gxf6 34. Qxf6+ Kg8 35. Qg5+ Kh8 36. Qf6+ Kg8 37. Qg5+ Kh8 1/2-1/2

[Event "21è Open International d'Echecs de Menton"]
[Site "Menton, France"]
[Date "2024.10.29"]
[Round "4.1"]
[White "Paolo, FORMENTO 2346"]
[Black "Jean-Marc, DEGRAEVE 2479"]
[Result "1/2-1/2"]
[TimeControl "90'+30''/40m + 30'+30''"]
[WhiteTitle "FM"]
[BlackTitle "GM"]
[WhiteFideId "861162"]
[BlackFideId "600270"]
[WhiteElo "2346"]
[BlackElo "2479"]

1. d4 Nf6 2. c4 g6 3. Nc3 Bg7 4. e4 d6 5. h3 Nbd7 6. Be3 e5 7. d5 Nc5 8. Qc2 O-O 9. Nf3 a5 10.
O-O-O Nh5 11. Nd2 f5 12. exf5 gxf5 13. g3 Na6 14.
Rg1 b6 15. a3 Nc5 16. Be2 Qe8 17. Nb5 Na6 18. g4 Nf4 19.
Bxf4 exf4 20. Bd3 Qf7 1/2-1/2

[Event "21è Open International d'Echecs de Menton"]
[Site "Menton, France"]
[Date "2024.10.29"]
[Round "4.2"]
[White "David, LACAN-RUS 2257"]
[Black "Matteo, RATIER-FONTANA 2146"]
[Result "1-0"]
[TimeControl "90'+30''/40m + 30'+30''"]
[WhiteTitle "FM"]
[WhiteFideId "651023075"]
[BlackFideId "36035319"]
[WhiteElo "2257"]
[BlackElo "2146"]

1. d4 Nf6 2. c4 b6 3. Nc3 Bb7 4. f3 d5 5. cxd5 Nxd5 6. e4 Nxc3 7. bxc3 e5 8. Be3 exd4 9. cxd4 Bb4+ 10. Kf2 O-O 11. g4 c5 12. d5 Qh4+ 13. Kg2 Nd7 14.
Ne2 f5 15. gxf5 g6 16. Rg1 Ne5 17. Nf4 Kh8 18. Ne6 gxf5 19. Bg5 Qh5 20. Bf4 fxe4 21. fxe4 Ng4 22. Qf3 Bd2 23. Nxf8 Rxf8 24.
Be5+ Kg8 25. Qg3 Be3 26. Bd6 Bxd5 27. exd5 Qxd5+ 28. Kh3 Rf3 29. Bc4 Qxc4 30. Qxf3 Bxg1 31. Qf8# 1-0

[Event "21è Open International d'Echecs de Menton"]
[Site "Menton, France"]
[Date "2024.10.29"]
[Round "4.3"]
[White "Andrey, YASTREBOV 2020"]
[Black "Florian, JACOBS 2225"]
[Result "1/2-1/2"]
[TimeControl "90'+30''/40m + 30'+30''"]
[WhiteFideId "551041936"]
[BlackFideId "1018329"]
[WhiteElo "2020"]
[BlackElo "2225"]

1. Nf3 d5 2. c4 e6 3. g3 Nf6 4. Bg2 d4 5. b4 c5 6. Bb2 a5 7. b5 Bd6 8. d3 O-O 9. a4 e5 10.
Nbd2 Ra7 11. e4 dxe3 12. fxe3 Re8 13. O-O Bg4 14. Qc2 Nbd7 15. Ng5 Bh5 16. Nge4 Bf8 17. Nxf6+ Nxf6 18. Ne4 Nxe4 19.
Bxe4 b6 20. Bd5 Qg5 21. Rae1 Kh8 22. Qf2 f6 23. d4 Bd6 24. Bc6 Ree7 25. dxe5 Bxe5 26. Qd2 Bc7 27. Qd3 Bg6 28. e4 h5 29.
Qd5 Qxd5 30. Bxd5 Be5 31. Bxe5 Rxe5 32. Re3 Rae7 33. Rf4 1/2-1/2

[Event "21è Open International d'Echecs de Menton"]
[Site "Menton, France"]
[Date "2024.10.30"]
[Round "5.1"]
[White "Jean-Marc, DEGRAEVE 2479"]
[Black "David, LACAN-RUS 2257"]
[Result "1-0"]
[TimeControl "90'+30''/40m + 30'+30''"]
[WhiteTitle "GM"]
[BlackTitle "FM"]
[WhiteFideId "600270"]
[BlackFideId "651023075"]
[WhiteElo "2479"]
[BlackElo "2257"]

1. e4 c5 2. Nf3 Nc6 3. Bb5 Nf6 4. Nc3 Qc7 5. O-O Nd4 6. Re1 a6 7. Bf1 Ng4 8. e5 Nxf3+ 9. Qxf3 Nxe5 10.
Qh5 Ng6 11. Nd5 Qd6 12. d4 cxd4 13. Bd3 b5 14. Be4 Bb7 15. Nxe7 Bxe7 16. Bxb7 Rb8 17. Be4 O-O 18. Bd2 Bf6 19.
Bd3 Rfe8 20. Rxe8+ Rxe8 21. a4 bxa4 22. Rxa4 Qb8 23. b3 h6 24. Rxa6 Bg5 25. Qd1 Bxd2 26. Qxd2 Ne5 27. Ra1 Nxd3 28.
Qxd3 Qb4 29. g3 Re1+ 30. Rxe1 Qxe1+ 31. Kg2 Qb4 32. Qc4 Qb7+ 33. f3 Qb6 34. Kf1 Qf6 35. Kg2 Qe5 36. b4 g5 37.
g4 Qe3 38. Qd3 Qe1 39. Qxd4 Qe2+ 40. Qf2 Qc4 41. Qd2 f5 42. gxf5 g4 43. Qd3 gxf3+ 44. Kxf3 Qh4 45. Qd5+ Kh8 46.
Qe5+ Kh7 47. c3 Qh3+ 48. Kf2 Qd3 49. Qe7+ Kg8 50. Qe8+ Kg7 51. Qg6+ 1-0

[Event "21è Open International d'Echecs de Menton"]
[Site "Menton, France"]
[Date "2024.10.30"]
[Round "5.2"]
[White "Savva, SUSTOV 2173"]
[Black "Paolo, FORMENTO 2346"]
[Result "0-1"]
[TimeControl "90'+30''/40m + 30'+30''"]
[BlackTitle "FM"]
[WhiteFideId "13908715"]
[BlackFideId "861162"]
[WhiteElo "2173"]
[BlackElo "2346"]

1. e4 e6 2. d4 d5 3. e5 c5 4.
c3 Nc6 5. Nf3 Bd7 6. a3 Nge7 7. b4 cxd4 8. cxd4 Nf5 9. Bb2 b5 10. Bxb5 Nxe5 11. Bxd7+ Nxd7 12. O-O a5 13. bxa5 Qxa5 14.
Ne5 Qb6 15. Qd2 Nxe5 16. dxe5 Bc5 17. Kh1 Rb8 18. Bc3 O-O 19. h3 Rfc8 20. a4 d4 21. Ba5 Qa6 22. Re1 Ne7 23. Rc1 Ng6 24.
Re1 Rb7 25. Ra2 Ra8 26. Qc2 Qxa5 27. Qe4 Rab8 28. Nd2 Ba7 29. f4 Qd5 30. Qxd5 exd5 31. f5 Nf4 32. Nf3 d3 33. a5 h6 34.
a6 Rb2 35. Rxb2 Rxb2 36. Rc1 Rc2 37.
Rb1 Ra2 38. g3 Ne2 0-1

[Event "21è Open International d'Echecs de Menton"]
[Site "Menton, France"]
[Date "2024.10.30"]
[Round "5.3"]
[White "Florian, JACOBS 2225"]
[Black "Louis, AURIBAULT 2108"]
[Result "1/2-1/2"]
[TimeControl "90'+30''/40m + 30'+30''"]
[BlackTitle "FM"]
[WhiteFideId "1018329"]
[BlackFideId "45196591"]
[WhiteElo "2225"]
[BlackElo "2108"]

1. d4 Nf6 2. c4 e6 3. Nc3 Bb4 4. Qc2 d5 5. cxd5 exd5 6. Bg5 h6 7. Bh4 Nc6 8. e3 g5 9. Bg3 h5 10.
Bb5 h4 11. Be5 Rh6 12. h3 Bd7 13. Bh2 Qe7 14. Nge2 a6 15. Bxc6 Bxc6 16. O-O-O Bb5 17. Kb1 Bxe2 18. Nxe2 Ne4 19.
Nc1 Rc6 20. Qe2 Bd6 21. Bxd6 Qxd6 22. Nd3 O-O-O 23. Rc1 f6 24. Rxc6 Qxc6 25. Rc1 Qb5 26. Qc2 Qc4 27. Qd1 Qb5 28.
Qc2 Qc4 29. Qd1 Qb5 1/2-1/2

[Event "21è Open International d'Echecs de Menton"]
[Site "Menton, France"]
[Date "2024.10.31"]
[Round "6.1"]
[White "Louis, AURIBAULT 2108"]
[Black "Jean-Marc, DEGRAEVE 2479"]
[Result "0-1"]
[TimeControl "90'+30''/40m + 30'+30''"]
[WhiteTitle "FM"]
[BlackTitle "GM"]
[WhiteFideId "45196591"]
[BlackFideId "600270"]
[WhiteElo "2108"]
[BlackElo "2479"]

1. Nf3 g6 2. c4 Bg7 3. e4 d6 4. d4 Nf6 5. Nc3 O-O 6. h3 c5 7. d5 e6 8. Bd3 Na6 9. O-O Nc7 10.
a4 Na6 11. Bg5 Nb4 12. Bb1 h6 13. Be3 e5 14. Ne1 Nh5 15. Nd3 Nxd3 16. Bxd3 Nf4 17. Bxf4 exf4 18. Qf3 Be5 19. Ne2 Qh4 20. Ra3 h5 21. g3 fxg3 22.
fxg3 Qxh3 23. Kf2 Bg4 24. Rh1 Bxf3 25. Rxh3 Bxe2 26. Bxe2 Bxb2 27. Rb3 Bd4+ 28. Kf3 f5 29. Kf4 fxe4+ 30. Kg5 Rf5+ 31. Kxg6 Raf8 32. Rxh5 R8f6# 0-1

[Event "21è Open International d'Echecs de Menton"]
[Site "Menton, France"]
[Date "2024.10.31"]
[Round "6.2"]
[White "Paolo, FORMENTO 2346"]
[Black "Jean-Philippe, DUQUESNOY 2073"]
[Result "1-0"]
[TimeControl "90'+30''/40m + 30'+30''"]
[WhiteTitle "FM"]
[WhiteFideId "861162"]
[BlackFideId "605166"]
[WhiteElo "2346"]
[BlackElo "2073"]

1. Nf3 Nf6 2. c4 g6 3. Nc3 Bg7 4. e4 e5 5. d3 O-O 6. g3 c6 7. Bg2 d5 8. exd5 cxd5 9. Bg5 Qa5 10.
Bxf6 Bxf6 11. cxd5 Na6 12. O-O Qb6 13. Qd2 Bd7 14. Rfe1 Rfe8 15. Re2 Bg7 16. Rae1 Qd6 17. d4 exd4 18.
Rxe8+ Bxe8 19. Nxd4 Nc7 20. Nb3 Bb5 21. Nxb5 Nxb5 22. a4 Nc7 23. Na5 Bh6 24. Qxh6 Qb4 25. Re4 Qxa5 26. Rh4 Qe1+ 27.
Bf1 Qe5 28. Qxh7+ Kf8 29. d6 Qxd6 30. Qh8+ Ke7 31. Re4+ Kd7 32. Bh3+ f5 33. Qg7+ Kc6 34. Qc3+ Kd7 35. Rd4 Nd5 36.
Qd2 1-0

[Event "21è Open International d'Echecs de Menton"]
[Site "Menton, France"]
[Date "2024.10.31"]
[Round "6.3"]
[White "David, LACAN-RUS 2257"]
[Black "Savva, SUSTOV 2173"]
[Result "1-0"]
[TimeControl "90'+30''/40m + 30'+30''"]
[WhiteTitle "FM"]
[WhiteFideId "651023075"]
[BlackFideId "13908715"]
[WhiteElo "2257"]
[BlackElo "2173"]

1. d4 Nf6 2. c4 e6 3. Nc3 Bb4 4. f3 d5 5. a3 Bxc3+ 6. bxc3 c5 7. cxd5 exd5 8. e3 c4 9. g4 O-O 10.
Ne2 Nc6 11. Bg2 Na5 12. O-O Nb3 13. Ra2 b5 14. Ng3 a5 15. e4 Nxc1 16. Qxc1 Ra6 17. e5 Ne8 18. f4 Nc7 19. f5 Kh8 20.
Nh5 Qh4 21. Qf4 g5 22. Qf3 Bb7 23. Bh1 Ne8 24. Rg2 Rh6 25. Rg3 Rxh5 26. gxh5 Ng7 27. h6 Qxh6 28. Rh3 g4 29. Rxh6 gxf3 30.
Rb6 Bc8 31. Rxb5 Nxf5 32. Rxf3 Nh4 33. Rf6 Bh3 34. Bxd5 a4 35. Rb7 Rg8+ 36. Kf2 Bg2 37. Rfxf7 1-0

[Event "21è Open International d'Echecs de Menton"]
[Site "Menton, France"]
[Date "2024.10.31"]
[Round "7.1"]
[White "Jean-Marc, DEGRAEVE 2479"]
[Black "Fabien, FORGUES 2199"]
[Result "1-0"]
[TimeControl "90'+30''/40m + 30'+30''"]
[WhiteTitle "GM"]
[WhiteFideId "600270"]
[BlackFideId "634662"]
[WhiteElo "2479"]
[BlackElo "2199"]

1. e4 e5 2. Bc4 Nf6 3. d3 Bc5 4. Nf3 Nc6 5. O-O d6 6. c3 a6 7. Nbd2 Ba7 8. Bb3 O-O 9. h3 Be6 10.
Re1 Re8 11. Nf1 h6 12. Be3 d5 13. Bxa7 Rxa7 14. Qc2 Ra8 15. Rad1 Qd7 16. Ne3 Rad8 17. c4 d4 18. Nd5 Nh7 19.
Ba4 f6 20. Qd2 Qc8 21. Nb4 Bd7 22. Nxc6 bxc6 23. c5 Nf8 24. Rc1 Ng6 25. Kh2 Nf4 26. Ng1 g5 27. Bb3+ Kh7 28. Bc4 Re7 29.
Qa5 Rf8 30. Qxa6 Qe8 31. Qa4 Rg7 32. Qd1 g4 33. g3 Nxh3 34. Nxh3 Qh5 35. Rh1 f5 36. Rc2 Rg5 37. Kg1 gxh3 38.
Qxh5 Rxh5 39. Kh2 Rg5 40. Rg1 f4 41. gxf4 Rxg1 42. Kxg1 Rxf4 43. Kh2 Rg4 44. f3 Rf4 45. Rf2 Kg6 46.
Rf1 Kg5 47. Rg1+ Kf6 48. Rf1 Kg5 49. a4 Bg4 50. a5 Bxf3 51. a6 Rf8 52. a7 Kf4 53. Ra1 Ra8 54. b4 Bxe4 55. dxe4 Kxe4 56.
Ra3 Kf4 57. b5 cxb5 58. Bxb5 e4 59. Bc6 d3 60. Bxa8 d2 61. Ra1 e3 62. Bf3 1-0

[Event "21è Open International d'Echecs de Menton"]
[Site "Menton, France"]
[Date "2024.10.31"]
[Round "7.2"]
[White "Florian, JACOBS 2225"]
[Black "Paolo, FORMENTO 2346"]
[Result "1/2-1/2"]
[TimeControl "90'+30''/40m + 30'+30''"]
[BlackTitle "FM"]
[WhiteFideId "1018329"]
[BlackFideId "861162"]
[WhiteElo "2225"]
[BlackElo "2346"]

1. d4 Nf6 2. c4 e6 3. Nc3 Bb4 4. Qc2 O-O 5. Nf3 c5 6. dxc5 Bxc5 7. Bg5 Be7 8. Rd1 b6 9. e4 Bb7 10.
Be2 Na6 11. e5 Ne8 12. h4 f6 13. exf6 Nxf6 14. h5 Ng4 15. Bxe7 Qxe7 16. Ne4 h6 17. Nd6 Bc6 18. Qg6 Bxf3 19.
gxf3 Ne5 20. Qg3 Qg5 1/2-1/2

[Event "21è Open International d'Echecs de Menton"]
[Site "Menton, France"]
[Date "2024.10.31"]
[Round "7.3"]
[White "Alexis, MUNIER 2099"]
[Black "David, LACAN-RUS 2257"]
[Result "0-1"]
[TimeControl "90'+30''/40m + 30'+30''"]
[BlackTitle "FM"]
[WhiteFideId "45162450"]
[BlackFideId "651023075"]
[WhiteElo "2099"]
[BlackElo "2257"]

1. e4 c5 2. Nf3 Nc6 3. Bb5 Nf6 4. e5 Nd5 5. Nc3 Nc7 6. Bxc6 dxc6 7. O-O h6 8. Re1 Bf5 9. Ne4 Ne6 10.
d3 g5 11. h4 Bg4 12. hxg5 hxg5 13. Bxg5 Qd7 14. b4 O-O-O 15. bxc5 Nd4 16. e6 Qc7 17. Nd6+ Rxd6 18. Bf4 Qa5 19.
Bxd6 exd6 20. exf7 Bxf3 21. Re8+ Kc7 22. Qe1 Qxc5 23. Rxf8 Qg5 24. Qa5+ Qxa5 25. Rxh8 Qg5 26. Rg8 Qh5 27. Rc8+ Kb6 0-1

[Event "21è Open International d'Echecs de Menton"]
[Site "Menton, France"]
[Date "2024.11.01"]
[Round "8.1"]
[White "Florian, JACOBS 2225"]
[Black "Jean-Marc, DEGRAEVE 2479"]
[Result "0-1"]
[TimeControl "90'+30''/40m + 30'+30''"]
[BlackTitle "GM"]
[WhiteFideId "1018329"]
[BlackFideId "600270"]
[WhiteElo "2225"]
[BlackElo "2479"]

1. d4 Nf6 2. c4 g6 3. Nc3 Bg7 4. e4 d6 5. Nf3 O-O 6. Be2 e5 7. O-O Bg4 8. d5 a5 9. Bg5 Na6 10.
h3 Bd7 11. a3 h6 12. Be3 a4 13. Nd2 Nc5 14. Qc2 b6 15. b4 axb3 16. Nxb3 Ne8 17. Nxc5 bxc5 18. Qd2 Qh4 19. a4 Nf6 20. Ra2 Nxe4 21. Nxe4 Qxe4 22. Bxh6 Bxh6 23. Qxh6 Rxa4 24. Rxa4 Bxa4 25.
Qd2 Rb8 26. Re1 Rb1 27. Rxb1 Qxb1+ 28. Kh2 Qc2 29. Qe3 Bb3 30. Bd3 Qc3 31. Qe2 Qd4 32. f3 Kg7 33. g3 Ba4 34. g4 Bd7 35.
h4 f5 36. Kh3 fxg4+ 37. fxg4 Bxg4+ 38. Qxg4 Qxd3+ 39. Kh2 Qf5 40. Qe2 Qh5 41. Qe4 g5 42. Qf5 Qxh4+ 43. Kg2 Qf4 44. Qd7+ Qf7 45.
Qd8 e4 46. Kh1 Kg6 47. Qc8 e3 48. Qh3 e2 49. Qd3+ Kh6 50. Qc3 Qf1+ 51. Kh2 Qf2+ 52. Kh3 g4+ 53. Kxg4 Qd4+ 0-1

[Event "21è Open International d'Echecs de Menton"]
[Site "Menton, France"]
[Date "2024.11.01"]
[Round "8.2"]
[White "Paolo, FORMENTO 2346"]
[Black "David, LACAN-RUS 2257"]
[Result "1/2-1/2"]
[TimeControl "90'+30''/40m + 30'+30''"]
[WhiteTitle "FM"]
[BlackTitle "FM"]
[WhiteFideId "861162"]
[BlackFideId "651023075"]
[WhiteElo "2346"]
[BlackElo "2257"]

1. d4 Nf6 2. c4 e6 3. g3 d5 4. Bg2 Be7 5. Nf3 O-O 6. Nc3 Nbd7 7. O-O dxc4 8. e4 c5 9. dxc5 Nxc5 10.
Qxd8 Rxd8 11. Ne5 Bd7 12. Nxc4 Be8 13. e5 Nfd7 14. Be3 Nd3 15. Rfd1 N7xe5 16. Nxe5 Nxe5 17. Rxd8 Rxd8 18. Bxb7 Rb8 19.
Bg2 Rxb2 20. Bxa7 Rc2 21. Nd1 Bf6 22. Ne3 1/2-1/2

[Event "21è Open International d'Echecs de Menton"]
[Site "Menton, France"]
[Date "2024.11.01"]
[Round "8.3"]
[White "Louis, AURIBAULT 2108"]
[Black "Jean-Philippe, DUQUESNOY 2073"]
[Result "1-0"]
[TimeControl "90'+30''/40m + 30'+30''"]
[WhiteTitle "FM"]
[WhiteFideId "45196591"]
[BlackFideId "605166"]
[WhiteElo "2108"]
[BlackElo "2073"]

1. e4 c5 2. Nf3 d6 3. d4 cxd4 4. Nxd4 Nf6 5. Nc3 g6 6. Be3 Nc6 7. f3 h5 8. Qd2 Nxd4 9. Bxd4 Bh6 10.
Bb5+ Bd7 11. Qe2 Bc6 12. Rd1 O-O 13. O-O Qa5 14. Bc4 Rac8 15. Bb3 b5 16. Nd5 Bxd5 17. exd5 Rc7 18. f4 b4 19.
f5 Bg7 20. fxg6 fxg6 21. Qe6+ Kh7 22. g4 hxg4 23. h3 Qa6 24. Rd3 Qc8 25. hxg4 Qxe6 26. dxe6 Nxg4 27. Rf7 Rg8 28. Rh3+ Nh6 29. c3 bxc3 30. Be3 g5 31. Bc2+ Rh8 1-0